AoeStats
← PAnDA_2_0

Arabian Desert

510576997Analyzed
1v1 RM · 14h ago on Oct 1, 2026· 25m 52s· 2 players
Game mode
Random Map
Map size
Tiny (2 player)
Population
200
Speed
Normal
Resources
Standard
Victory
Conquest
Starting age
Dark Age
Ending age
Imperial Age
RankedLock teamsTeams togetherTeam positionsShared explorationLock speedFull tech treeHidden civsTurbo modeCheats
Victory
Defeat
🇨🇴 Mongols · Colombia
1455
+14
🇷🇺 Tatars · Russia
1412
-25
PAnDA_2_0
6:20 Loom
7:01 Loom
9:22 Feudal Age
10:57 Double-Bit Axe
22:12 Gold Mining
24:47 Castle Age
24:04 Fletching
24:26 Bloodlines
Reigns23
8:04 Feudal Age
6:51 Loom
9:24 Double-Bit Axe
12:34 Horse Collar
16:08 Padded Archer Armor
16:08 Fletching
20:56 Castle Age
19:54 Bloodlines
21:40 Bodkin Arrow
21:47 Husbandry
22:08 Bow Saw
23:32 Wheelbarrow
24:32 Town Watch
25:58 Leather Archer Armor
Connection lost

Rejoining the realm…

Still unreachable

The connection could not be restored.

Session expired

The server has moved on; the page needs a fresh start.